 Dungeon Crawl Stone Soup version 0.19-a0-1007-g133f65f (webtiles) character file.

108271 HAL9000 the Transmogrifier (level 16, -1/141 HPs)
             Began as a White Draconian Transmuter on July 20, 2016.
             Was the Champion of Makhleb.
             Slain by a wolf spider (7 damage)
             ... on level 4 of the Lair of Beasts.
             The game lasted 01:30:56 (34908 turns).

HAL9000 the Transmogrifier (DrTm)                  Turns: 34908, Time: 01:30:56

Health: -1/141     AC: 11    Str: 20    XL:     16   Next: 2%
Magic:  23/25      EV: 20    Int: 14    God:    Makhleb [******]
Gold:   700        SH:  0    Dex: 18    Spells: 6 memorised, 2 levels left

rFire  + . .     SeeInvis .       - Unarmed
rCold  + + .     Gourm    .     (armour unavailable)
rNeg   . . .     Faith    .     (shield currently unavailable)
rPois  .         Spirit   .     L - +0 hat
rElec  .         Dismiss  .     n - +0 cloak {+Inv}
rCorr  .         Reflect  +     (gloves currently unavailable)
SustAt .         Harm     .     J - +0 pair of boots
MR     ++...                    N - +3 amulet of reflection
Stlth  ++........               o - +5 ring of dexterity
                                r - ring "Vonnom" {rC+ MR+ Stlth+}

@: confused, lethally poisoned (-1 -> -17), blade hands (expiring), very
resistant to hostile enchantments, unstealthy
A: breathe frost, unfitting armour, cold resistance 1, fire resistance 1, strong
1, cold-blooded, AC +9
a: Breathe Frost, End Transformation, Minor Destruction, Lesser Servant of
Makhleb, Major Destruction, Greater Servant of Makhleb, Renounce Religion, Evoke
Invisibility


You were on level 4 of the Lair of Beasts.
You worshipped Makhleb.
Makhleb was exalted by your worship.
You were not hungry.
You had blades for hands.
You visited 5 branches of the dungeon, and saw 25 of its levels.
You also visited: Sewer and Bailey.

You collected 2802 gold pieces.
You spent 2102 gold pieces at shops.

Inventory:

Missiles
 a - 372 arrows
Armour
 k - a +0 buckler (melded)
 l - a +1 pair of gloves (melded)
 n - a +0 cloak of invisibility (worn)
 J - a +0 pair of boots (worn)
 L - a +0 hat (worn)
Magical Staves
 Y - an uncursed staff of death {unknown}
Jewellery
 o - a +5 ring of dexterity (right scythe-like blade)
 r - the ring "Vonnom" (left scythe-like blade) {rC+ MR+ Stlth+}
   (You found it on level 6 of the Lair of Beasts)

   [ring of stealth]

   It protects you from cold.
   It affects your resistance to hostile enchantments.
   It makes you more stealthy.
 y - an uncursed ring of magical power
 N - a +3 amulet of reflection (around neck)
 Q - an uncursed ring of protection from cold
 X - an uncursed amulet of magic regeneration
Wands
 e - a wand of flame (28/48)
 g - a wand of lightning (8/15)
 G - a wand of lightning (5/15)
 I - a wand of flame (26/48)
 M - a wand of lightning (15/15)
 R - a wand of iceblast (11/15)
 S - a wand of flame (8/48)
 U - a wand of digging (4/24)
 V - a wand of slowing (15/48)
Scrolls
 f - 5 scrolls of magic mapping
 i - a scroll of silence
 p - 4 scrolls of teleportation
 s - 2 scrolls of amnesia
 t - 2 scrolls of fog
 w - 9 scrolls of remove curse
 z - a scroll of fear
 O - 2 scrolls of recharging
 Z - 4 scrolls of identify
Potions
 h - 2 potions of ambrosia
 m - 2 potions of resistance
 q - a potion of berserk rage
 u - 8 potions of curing
 v - 7 potions of heal wounds
 x - 6 potions of lignification
 A - 2 potions of agility
 D - 4 potions of haste
 E - a potion of cancellation
 H - 4 potions of might
 P - 2 potions of cure mutation
 T - 5 potions of brilliance
 W - 5 potions of flight
Books
 B - a book of Cantrips

   Spells                             Type                      Level
   a - Confusing Touch                Hexes                        1
   b - Animate Skeleton               Necromancy                   1
   c - Summon Small Mammal            Summoning                    1
   d - Apportation                    Translocation                1
 C - a book of Transfigurations

   Spells                             Type                      Level
   a - Irradiate                      Conjuration/Transmutation    5
   b - Statue Form                    Transmutation/Earth          6
   c - Hydra Form                     Transmutation                6
   d - Dragon Form                    Transmutation                7
 F - a book of the Earth

   Spells                             Type                      Level
   a - Leda's Liquefaction            Hexes/Earth                  4
   b - Bolt of Magma                  Conjuration/Fire/Earth       5
   c - Statue Form                    Transmutation/Earth          6
   d - Iron Shot                      Conjuration/Earth            6
   e - Shatter                        Earth                        9
 K - a book of the Sky

   Spells                             Type                      Level
   a - Summon Lightning Spire         Summoning/Air                4
   b - Airstrike                      Air                          4
   c - Silence                        Hexes/Air                    5
   d - Deflect Missiles               Charms/Air                   6
   e - Conjure Ball Lightning         Conjuration/Air              6
   f - Tornado                        Air                          9
Comestibles
 c - 22 bread rations
 j - 11 meat rations


   Skills:
 - Level 12.5 Fighting
 - Level 10.5 Dodging
 + Level 3.1 Shields
 - Level 14.3 Unarmed Combat
 + Level 5.5 Spellcasting
 * Level 14.8 Transmutations
 - Level 12.1 Invocations


You had 2 spell levels left.
You knew the following spells:

 Your Spells              Type           Power        Failure   Level  Hunger
a - Beastly Appendage     Tmut           #####.       6%          1    None
b - Sticks to Snakes      Tmut           #####...     6%          2    ##.....
c - Spider Form           Tmut/Pois      ###.......   24%         3    ###....
d - Blade Hands           Tmut           #####.....   17%         5    ######.
e - Hydra Form            Tmut           #####.....   41%         6    #######
f - Dragon Form           Tmut           #####.....   77%         7    #######


Dungeon Overview and Level Annotations

Branches:
Dungeon (15/15)            Temple (0/1) D:6            Lair (6/6) D:11
  Swamp (1/4) Lair:2       Spider (1/4) Lair:4        Slime (0/5) Lair:5
    Orc (2/2) D:12            Elf (0/3) Orc:2        Vaults (0/5) D:14
 Depths (0/5) D:15

Altars:
Cheibriados
Fedhas
Gozag
Makhleb
Qazlal
Sif Muna
Uskayaw
Xom
Zin
The Shining One

Shops:
D:13 [}   Orc:1 %:??*   Orc:2 *[*:

Portals:
Pandemonium: Orc:2

Annotations:
Lair:5 exclusion: 2 oklob plants


Innate Abilities, Weirdness & Mutations

You can breathe waves of freezing cold.
You can buffet flying creatures when you breathe cold.
Your icy white scales are hard. (AC +9)
Your body does not fit into most forms of armour.
Your flesh is cold resistant. (rC+)
You are cold-blooded and may be slowed by cold attacks.
Your flesh is heat resistant. (rF+)
Your muscles are strong. (Str +2)


Message History

The wolf spider hits you!
* * * LOW HITPOINT WARNING * * *
The wolf spider completely misses you. The tarantella bites you.
* * * LOW HITPOINT WARNING * * *
You are confused.
You hit the wolf spider.
The wolf spider is almost dead.
The wolf spider barely misses you.
The wolf spider bites you but does no damage.
The tarantella completely misses you.
Unknown command.
You bump into the rock wall.
The wolf spider barely misses you. The wolf spider bites you.
* * * LOW HITPOINT WARNING * * *
You are poisoned.
The wolf spider poisons you! The tarantella bites you!
* * * LOW HITPOINT WARNING * * *
You are more confused.
The hornet closely misses you. The wolf spider hits you!
You die...

............##..............##...
.#..........##.............##....
##.........###.............###...
##.........#....#####......###...
#...........#...# #.#.....#....
...........>....# ##...........
#...........#...# #............
#..........###.y######...........
##..........##..@..##.P..........
#.........###^.ss.......[........
........###....................).
#P.....##^^^^.##.................
####..##...^.##.....##.....#.....
.P...##.^..^##.....####....#.....
.....#...^..###...P.# #..........
....##.>..###.......###.....#....
....#....##...............[##....


You could see a wolf spider, a hornet and a tarantella.

Vanquished Creatures
  Rupert (Lair:6)
  Roxanne (D:14)
  A frost giant (D:15)
  An orc warlord (Orc:2)
  Nessos (Lair:4)
  A dire elephant (Lair:6)
  Azrael (Orc:2)
  4 vault guards (D:14)
  A death knight (D:15)
  6 hydras
  3 centaur warriors
  15 death yaks
  An orc high priest (Orc:2)
  A deep troll shaman (Lair:6)
  Urug (D:15)
  The ghost of 4thArraOfDagon the Grappler, a novice DrAK of Lugonu (Bailey)
  8 skeletal warriors
  An unseen horror (D:15)
  A gelid demonspawn (Orc:2)
  A wizard (D:14)
  6 orc knights (Orc:2)
  3 hill giants
  A wolf spider zombie (D:15)
  10 orc sorcerers (Orc:2)
  2 deep elf magi (D:15)
  A wolf spider (Lair:4)
  2 griffons (Lair:6)
  10 ugly things
  A centaur zombie (D:14)
  12 elephants
  An octopode (shapeshifter) (D:14)
  4 cyclopes
  4 black mambas (Lair:6)
  A smoke demon (Orc:2)
  A gargoyle (D:11)
  2 orange demons (Orc:2)
  5 kobold demonologists
  9 spiny frogs
  2 efreet (D:14)
  7 komodo dragons
  2 hellwings
  A yaktaur (D:15)
  A red devil (Orc:2)
  An ice devil (Orc:2)
  2 jumping spiders (Lair:4)
  4 guardian mummies (D:14)
  3 meliai (D:15)
  5 trolls
  2 polar bears (Lair:6)
  10 blink frogs
  A bog body (Swamp:1)
  2 two-headed ogres
  3 slime creatures (D:14)
  2 wraiths
  A ynoxinul (Orc:2)
  3 tarantellas
  Sigmund (D:5)
  20 redbacks
  72 yaks
  A spriggan (D:7)
  7 basilisks
  5 fire elementals
  A vampire (D:14)
  3 hungry ghosts
  2 wyverns
  The ghost of p0werm0de the Slasher, an amateur DsFi (D:4)
  Menkaure (D:7)
  7 hippogriffs
  A warg (Orc:1)
  5 insubstantial wisps (Lair:2)
  A mottled dragon (D:15)
  A vampire mosquito (D:14)
  A soldier ant (D:11)
  A swamp worm (Swamp:1)
  17 water moccasins
  4 hell hounds
  A giant eyeball (shapeshifter) (D:15)
  An ice beast (D:14)
  6 porcupines
  2 sky beasts
  An eye of draining (D:14)
  A necrophage (D:3)
  28 orc warriors
  3 black bears
  17 wolves
  8 ogres
  The ghost of p0werm0de the Slasher, an amateur DsFi (D:3)
  17 centaurs
  9 crocodiles
  4 big kobolds
  19 giant frogs
  A gnoll sergeant (D:9)
  An earth elemental (Orc:2)
  2 scorpions (D:10)
  10 killer bees
  2 howler monkeys
  12 wights
  3 electric eels (Lair:1)
  5 crimson imps
  22 orc priests
  3 giant frog zombies
  2 jellies
  3 hounds
  3 quasits
  Crazy Yiuf (D:3)
  A giant frog skeleton (D:13)
  Jessica (D:3)
  5 centaur skeletons
  8 iguanas
  11 orc wizards
  8 worker ants
  A hell rat (D:11)
  7 sheep (Lair:4)
  2 hound skeletons
  4 mummies (D:14)
  A worker ant zombie (D:11)
  20 gnolls
  14 adders
  35 river rats
  2 shadow imps (D:7)
  2 worms (D:3)
  An adder zombie (D:9)
  A dart slug (D:1)
  8 giant geckos
  79 orcs
  10 giant cockroaches
  9 goblins
  12 hobgoblins
  13 jackals
  8 quokkas
  2 ball pythons
  9 bats
  4 giant newts
  21 kobolds
  A quokka zombie (D:8)
  18 rats
  4 fungi
840 creatures vanquished.

Vanquished Creatures (collateral kills)
  A catoblepas (Lair:6)
  2 hydras
  A wolf spider (Spider:1)
  A spiny frog (Lair:6)
  A bog body (Swamp:1)
  A hippogriff (Lair:6)
  A porcupine (Lair:3)
  5 orc warriors (Orc:2)
  2 ogres (Orc:2)
  An iguana (Lair:3)
  5 orc wizards
  2 gnolls
  7 orcs (Orc:2)
  A bat (D:2)
  A quokka (D:3)
32 creatures vanquished.

Vanquished Creatures (others)
  A hobgoblin (Bailey)
  A kobold (Bailey)
  A bush (Lair:6)
  21 fungi
  13 plants
37 creatures vanquished.

Grand Total: 909 creatures vanquished

Notes
Turn   | Place    | Note
-------+----------+-------------------------------------------
     0 | D:1      | HAL9000 the Draconian Transmuter began the quest for the Orb.
     0 | D:1      | Reached XP level 1. HP: 16/16 MP: 3/3
   122 | D:1      | Reached XP level 2. HP: 23/23 MP: 1/5
   160 | D:1      | Learned a level 2 spell: Sticks to Snakes
   825 | D:1      | Reached XP level 3. HP: 24/28 MP: 6/6
   830 | D:1      | Learned a level 3 spell: Spider Form
  1685 | D:2      | HP: 1/28 [adder (3)]
  1691 | D:2      | Reached XP level 4. HP: 10/35 MP: 1/7
  2106 | D:2      | Found a blossoming altar of Fedhas.
  2169 | D:3      | Noticed p0werm0de's ghost (amateur DsFi)
  2485 | D:3      | Found a glowing golden altar of the Shining One.
  2556 | D:3      | Killed p0werm0de's ghost
  2556 | D:3      | Reached XP level 5. HP: 19/40 MP: 1/8
  3348 | D:3      | Reached skill level 5 in Unarmed Combat
  3390 | D:3      | Noticed Jessica
  3391 | D:3      | Found an opulent altar of Gozag.
  3396 | D:3      | Killed Jessica
  3481 | D:3      | Noticed a necrophage
  3790 | D:3      | Reached XP level 6. HP: 35/47 MP: 3/9
  3826 | D:3      | Reached skill level 5 in Transmutations
  4338 | D:3      | Found a runed door.
  4342 | D:3      | Noticed Crazy Yiuf
  4349 | D:3      | Killed Crazy Yiuf
  4424 | D:4      | Noticed p0werm0de's ghost (amateur DsFi)
  4460 | D:4      | Killed p0werm0de's ghost
  4460 | D:4      | Your scales start taking on an icy white colour.
  4460 | D:4      | Reached XP level 7. HP: 11/52 MP: 1/10
  4460 | D:4      | Gained mutation: Your flesh is cold resistant. (rC+) [White Draconian growth]
  4990 | D:4      | Found a snail-covered altar of Cheibriados.
  5675 | D:5      | Entered Level 5 of the Dungeon
  6015 | D:5      | Noticed Sigmund
  6025 | D:5      | Killed Sigmund
  6025 | D:5      | Reached XP level 8. HP: 59/59 MP: 2/11
  6368 | D:5      | Found a shimmering altar of Xom.
  6392 | D:5      | You fall through a shaft for 2 floors!
  6592 | D:5      | Found a burning altar of Makhleb.
  6652 | D:5      | Became a worshipper of Makhleb the Destroyer
  6912 | D:6      | Found a staircase to the Ecumenical Temple.
  6985 | D:6      | Found a hide-covered altar of Uskayaw.
  6985 | D:6      | Found a blossoming altar of Fedhas.
  7042 | D:6      | Found a glowing drain.
  7079 | Sewer    | Entered a sewer
  7084 | Sewer    | Reached * piety under Makhleb
  7354 | Sewer    | Found a white marble altar of Elyvilon.
  7736 | D:6      | Learned a level 5 spell: Blade Hands
  7767 | D:7      | Noticed Menkaure
  7773 | D:7      | Killed Menkaure
  7814 | D:7      | Reached XP level 9. HP: 37/64 MP: 1/12
  7819 | D:7      | Reached ** piety under Makhleb
  8528 | D:7      | Reached skill level 10 in Unarmed Combat
  8726 | D:7      | Reached *** piety under Makhleb
  9096 | D:8      | Noticed a hill giant
  9111 | D:8      | Killed a hill giant
  9111 | D:8      | Reached skill level 10 in Transmutations
  9111 | D:8      | Reached XP level 10. HP: 25/75 MP: 4/13
 10229 | D:9      | Reached skill level 1 in Invocations
 10317 | D:9      | Noticed a lindwurm
 10333 | D:9      | Noticed a lindwurm
 10346 | D:9      | Noticed a lindwurm
 10362 | D:9      | Noticed a lindwurm
 10450 | D:9      | Found a stormy altar of Qazlal.
 10533 | D:9      | HP: 1/78 [yak (11)]
 11143 | D:10     | Entered Level 10 of the Dungeon
 11233 | D:10     | Reached **** piety under Makhleb
 11801 | D:11     | Found a staircase to the Lair.
 11802 | D:11     | Noticed a spiny frog
 11822 | D:11     | Killed a spiny frog
 11835 | D:11     | Reached XP level 11. HP: 37/84 MP: 7/14
 12350 | D:9      | HP: 1/84 [lindwurm/blast of flame (33)]
 13150 | D:11     | Reached ***** piety under Makhleb
 13530 | Lair:1   | Entered Level 1 of the Lair of Beasts
 13695 | Lair:1   | Noticed a hill giant
 13705 | Lair:1   | Killed a hill giant
 13731 | Lair:1   | Reached skill level 5 in Fighting
 14094 | Lair:1   | Noticed an eight-headed hydra
 14112 | Lair:1   | Killed an eight-headed hydra
 14357 | Lair:1   | Reached skill level 5 in Dodging
 14357 | Lair:1   | HP: 3/88 [electric eel/bolt of electricity (10)]
 15464 | Lair:1   | Reached skill level 5 in Invocations
 15925 | Lair:2   | Reached XP level 12. HP: 96/96 MP: 13/16
 16067 | Lair:2   | Found a staircase to the Swamp.
 16775 | Lair:3   | Noticed a four-headed hydra
 16786 | Lair:3   | Killed a four-headed hydra
 17429 | Lair:3   | Noticed a five-headed hydra
 17448 | Lair:3   | Killed a five-headed hydra
 18097 | Lair:4   | Noticed Nessos
 18112 | Lair:4   | Killed Nessos
 18678 | Lair:4   | Noticed a death yak
 18678 | Lair:4   | Noticed a death yak
 18678 | Lair:4   | Noticed a death yak
 18831 | Lair:4   | Noticed a death yak
 18845 | Lair:4   | Killed a death yak
 18849 | Lair:4   | Noticed a death yak
 18849 | Lair:4   | Killed a death yak
 18856 | Lair:4   | Killed a death yak
 18862 | Lair:4   | Killed a death yak
 18880 | Lair:4   | Killed a death yak
 19058 | Lair:4   | Found a hole to the Spider Nest.
 19097 | Lair:4   | Reached XP level 13. HP: 94/110 MP: 14/18
 19361 | Lair:4   | Reached ****** piety under Makhleb
 19829 | Lair:5   | Found a staircase to the Slime Pits.
 20614 | Lair:6   | Entered Level 6 of the Lair of Beasts
 22175 | Lair:6   | Reached skill level 10 in Fighting
 22406 | Lair:6   | Noticed Rupert
 22499 | Lair:6   | Killed Rupert
 22630 | Lair:6   | Got a coiled granite ring
 22634 | Lair:6   | Identified the ring "Vonnom" {rC+ MR+ Stlth+} (You found it on level 6 of the Lair of Beasts)
 23404 | Lair:6   | Noticed a balrug
 23831 | Lair:6   | Reached skill level 10 in Invocations
 23836 | Lair:6   | Reached XP level 14. HP: 91/122 MP: 16/21
 24261 | D:12     | Found a staircase to the Orcish Mines.
 24441 | D:12     | Found a flagged portal.
 24450 | Bailey   | Entered a bailey
 24471 | Bailey   | Noticed 4thArraOfDagon's ghost (novice DrAK)
 24575 | Bailey   | Killed 4thArraOfDagon's ghost
 24921 | D:12     | Found a deep blue altar of Sif Muna.
 25280 | D:12     | Gained mutation: Your muscles are strong. (Str +2) [potion of beneficial mutation]
 25281 | D:12     | Gained mutation: Your flesh is heat resistant. (rF+) [potion of beneficial mutation]
 25422 | D:13     | Found Ywerunast's Gadget Shoppe.
 26071 | D:13     | Found Qacixoj's Armour Shoppe.
 26560 | D:14     | Noticed Roxanne
 27032 | D:14     | Noticed a reaper
 27032 | D:14     | Noticed a reaper
 27032 | D:14     | Noticed a reaper
 27032 | D:14     | Noticed a reaper
 27033 | D:14     | Noticed a reaper
 27776 | D:14     | Reached skill level 10 in Dodging
 27935 | Orc:1    | Entered Level 1 of the Orcish Mines
 27935 | Orc:1    | Found Femith's General Store.
 27966 | Orc:1    | Found Uwkat's Magic Scroll Shop.
 27972 | Orc:1    | Bought a potion of curing for 48 gold pieces
 27995 | Orc:1    | Found Hutymer's Magic Scroll Emporium.
 27998 | Orc:1    | Bought a scroll of fear for 49 gold pieces
 27998 | Orc:1    | Bought a scroll of teleportation for 42 gold pieces
 27998 | Orc:1    | Bought a scroll of fear for 49 gold pieces
 28111 | Orc:1    | Found Netuuppu's Food Shoppe.
 28116 | Orc:1    | Found Utery's Book Boutique.
 28310 | Orc:2    | Entered Level 2 of the Orcish Mines
 28310 | Orc:2    | Noticed Azrael
 28317 | Orc:2    | Killed Azrael
 28501 | Orc:2    | Found a staircase to the Elven Halls.
 28857 | Orc:2    | Found Bytzo's General Store.
 28858 | Orc:2    | Found Syhacada's General Store.
 29500 | Orc:2    | Reached XP level 15. HP: 132/132 MP: 17/23
 29578 | Orc:2    | Noticed an orc warlord
 29607 | Orc:2    | Killed an orc warlord
 30321 | Orc:2    | Paralysed by an orc sorcerer for 6 turns
 30402 | Orc:2    | Found Botuxaev's Book Shoppe.
 30402 | Orc:2    | Found Wiaferib's Antique Armour Emporium.
 30402 | Orc:2    | Found a one-way gate leading to the halls of Pandemonium.
 30420 | Orc:2    | Bought a book of Transfigurations for 770 gold pieces
 30422 | Orc:2    | Bought a runed cloak for 117 gold pieces
 30422 | Orc:2    | Bought a pair of runed gloves for 117 gold pieces
 30451 | Orc:2    | Learned a level 6 spell: Hydra Form
 31060 | D:14     | Found a gate to the Vaults.
 31309 | Orc:2    | Bought a book of the Sky for 910 gold pieces
 31847 | D:14     | Killed Roxanne
 31864 | D:15     | Entered Level 15 of the Dungeon
 31876 | D:15     | Noticed Urug
 31897 | D:15     | Killed Urug
 32582 | D:15     | Reached skill level 1 in Shields
 33208 | D:15     | Found a staircase to the Depths.
 33208 | D:15     | Noticed a frost giant
 33218 | D:15     | Killed a frost giant
 33347 | D:15     | Found a glowing silver altar of Zin.
 33584 | Swamp:1  | Entered Level 1 of the Swamp
 33595 | Swamp:1  | Reached skill level 5 in Spellcasting
 33836 | Spider:1 | Entered Level 1 of the Spider Nest
 34055 | Spider:1 | Reached XP level 16. HP: 141/141 MP: 16/25
 34391 | Lair:4   | Learned a level 7 spell: Dragon Form
 34471 | Lair:4   | HP: 7/141 [tarantella (8)]
 34908 | Lair:4   | HP: 6/141 [tarantella (12)]
 34908 | Lair:4   | Slain by a wolf spider

Vault maps used:
D:1:      dpeg_arrival_ratfight
D:2:      fedhas_altar_4
D:3:      lemuel_doored_altar, tso_metal_star, first_bread,
          minmay_divided_ellipse, uniq_crazy_yiuf_cottage, uniq_jessica
D:4:      marbit_many_paths
D:5:      kennysheep_mini_moat, basic_altar, uniq_sigmund
D:6:      gammafunk_temple_overflow_elements, portal_sewer_entry_f
D:7:      roderic_greek_sauvastika, the_bakery, uniq_menkaure
D:9:      nicolae_qazlal_eye_of_the_storm, minmay_lindwurm_lava
D:11:     dpeg_lair_monsters
D:12:     hiddenorc1_lemuel, enter_bailey_2, lemuel_blue_sif_altar
D:13:     serial_shops, shop, shop
D:14:     lightli_vaults_fourway_checkpoint, spider_trap,
          minmay_guarded_unrand_curses, uniq_roxanne
D:15:     grunt_enter_depths_snipers, zin_angel, uniq_urug
Lair:1:   statuecave_lemuel, serial_bayou_lake_a, grunt_megastairs_5
Lair:2:   minmay_swamp_entry_wisps
Lair:3:   enter_volcano_3
Lair:4:   spider_nest_entry_funnel_web, minmay_hedge_maze, uniq_nessos
Lair:5:   minmay_slime_entry_oklob_enclosed, lemuel_fruit_fields,
          grunt_megastairs_4, serial_bayou_shore_a
Lair:6:   grunt_lair_end_beastmaster, infiniplex_staircase_pool_2, uniq_rupert
Swamp:1:  evilmike_swamp_ruin_house_2, swamp_pool2
Spider:1: guppyfry_spider_mini_1
Orc:1:    serial_shops, shop, nicolae_shop_behind_doors, shop,
          nicolae_shop_statue_plus, shop
Orc:2:    pf_orc_diabolical, uniq_azrael
Sewer:    sewer_kobolds
Bailey:   bailey_axe_2, bailey

Skill      XL: |  1  2  3  4  5  6  7  8  9 10 11 12 13 14 15 |
---------------+----------------------------------------------+-----
Transmutations | 3 4 5 6 8 10 12 13 14 | 14.8
Unarmed Combat | 4 5 6 7 8 10 11 12 13 14 | 14.3
Dodging        | 2 3 5 7 8 10 | 10.5
Fighting       | 2 4 6 8 10 12 | 12.5
Invocations    | 2 5 7 10 11 12 | 12.1
Spellcasting   | 5 |  5.5
Shields        | 3 |  3.1

Action                   |  1- 3 |  4- 6 |  7- 9 | 10-12 | 13-15 | 16-18 || total
-------------------------+-------+-------+-------+-------+-------+-------++-------
Melee: Unarmed           |   147 |   190 |   346 |   695 |  1272 |    19 ||  2669
       Tailslap          |     9 |    18 |    26 |   104 |   210 |     5 ||   372
       Headbutt          |     4 |     2 |     2 |       |     2 |       ||    10
       Kick              |     7 |     6 |       |       |       |       ||    13
       Punch             |     1 |     3 |     9 |    37 |    98 |     1 ||   149
 Cast: Beastly Appendage |    25 |    11 |     4 |       |     2 |       ||    42
       Sticks to Snakes  |     2 |     8 |    10 |    23 |    52 |       ||    95
       Spider Form       |       |    11 |    17 |     5 |     6 |       ||    39
       Blade Hands       |       |       |     7 |    49 |   100 |     2 ||   158
       Hydra Form        |       |       |       |       |     2 |       ||     2
Invok: Minor Destruction |       |       |       |    11 |     3 |     1 ||    15
       Lesser Servant of |       |       |       |     5 |     7 |       ||    12
       Greater Servant o |       |       |       |       |     4 |       ||     4
       Major Destruction |       |       |       |       |     4 |       ||     4
 Abil: End Transformatio |       |     1 |       |     3 |     7 |       ||    11
       Breathe Frost     |       |       |     5 |     3 |     2 |       ||    10
Evoke: Wand              |       |       |       |     1 |       |       ||     1
  Use: Scroll            |     4 |       |       |    25 |    12 |     1 ||    42
       Potion            |     1 |     1 |       |     3 |     7 |     3 ||    15
 Stab: Invisible         |       |     8 |       |       |       |       ||     8
       Sleeping          |       |     1 |     3 |     5 |     9 |       ||    18
       Distracted        |       |     1 |     3 |     5 |     9 |       ||    18
  Eat: Chunk             |     3 |    12 |    22 |    48 |    68 |     2 ||   155
       Fruit             |       |       |       |     5 |     2 |       ||     7
       Pizza             |       |       |       |     1 |     3 |       ||     4
       Beef jerky        |       |       |       |     1 |     5 |       ||     6
       Royal jelly       |       |       |       |       |     1 |       ||     1
       Meat ration       |       |       |       |       |     2 |     1 ||     3
Armor: Skin              |    41 |    32 |    71 |   120 |   259 |    11 ||   534
Dodge: Dodged            |   103 |   128 |   205 |   405 |  1108 |    67 ||  2016
Block: Other             |       |       |    30 |    77 |   156 |     5 ||   268
       Reflection        |       |       |     2 |     1 |     8 |       ||    11
       Buckler           |       |       |       |       |     3 |     7 ||    10
